AoeStats
← rogerthat19

Nomad

510217500Analyzed
4v4 RM · 2d ago on Sep 30, 2026· 91m 12s· 8 players
Game mode
Random Map
Map size
231×231
Population
200
Speed
Normal
Resources
Standard
Victory
Conquest
Starting age
Dark Age
Ending age
Imperial Age
RankedLock teamsTeams togetherTeam positionsShared explorationLock speedFull tech treeHidden civsTurbo modeCheats
Victory
Defeat
🇲🇽 Vikings · Mexico
1039
+18
🇨🇦 Persians · Canada
1018
+19
🇺🇸 Danes · United States
1004
+20
🇺🇸 Spanish · United States
1004
+20
🇺🇸 Huns · United States
1123
-21
🇺🇸 Varangians · United States
1085
-19
🇩🇴 Danes · Dominican Republic
1085
-19
🇺🇸 Hindustanis · United States
1053
-18
rogerthat19
13:52 Feudal Age
14:48 Double-Bit Axe
21:48 Castle Age
23:37 Horse Collar
25:40 Gold Mining
28:48 Ballistics
28:53 Fishing Lines
32:28 Bow Saw
37:26 Heavy Plow
41:22 Pikeman
41:49 Gambesons
42:05 Squires
42:14 Town Watch
48:06 Imperial Age
48:22 Scale Mail Armor
48:32 Forging
49:06 Halberdier
50:10 Elite Conquistador
51:29 Iron Casting
51:09 Chain Mail Armor
51:53 Wheelbarrow
51:18 Town Patrol
53:42 Chemistry
52:38 Murder Holes
53:23 Hand Cart
56:57 Plate Mail Armor
57:28 Blast Furnace
82:26 Bloodlines
82:16 Husbandry
81:37 Light Cavalry
89:37 Hussar
90:27 Scale Barding Armor
MacFrost
9:14 Loom
13:24 Feudal Age
22:47 Castle Age
21:24 Forging
22:25 Bloodlines
23:03 Double-Bit Axe
23:44 Horse Collar
24:42 Bow Saw
27:44 Iron Casting
35:29 Fletching
35:45 Scale Barding Armor
36:56 Wheelbarrow
39:54 Imperial Age
39:11 Kamandaran
39:44 Chain Barding Armor
39:47 Husbandry
39:48 Bodkin Arrow
40:58 Conscription
40:20 Crossbowman
44:19 Blast Furnace
43:55 Plate Barding Armor
43:22 Padded Archer Armor
43:10 Elite War Elephant
44:39 Thumb Ring
56:20 Pikeman
57:01 Squires
58:34 Halberdier
59:00 Gambesons
59:18 Scale Mail Armor
65:53 Hand Cart
66:28 Citadels
68:29 Two-Man Saw
73:46 Capped Ram
77:15 Siege Ram
80:41 Chemistry
80:02 Ballistics
Legatus
10:54 Loom
14:22 Feudal Age
14:55 Double-Bit Axe
15:41 Horse Collar
22:00 Wheelbarrow
25:15 Castle Age
26:57 Hand Cart
27:27 Crossbowman
32:04 Bow Saw
34:22 Heavy Plow
43:03 Stone Mining
44:30 Squires
44:16 Gambesons
44:17 Arson
49:10 Imperial Age
54:04 Conscription
54:11 Scale Mail Armor
55:22 Murder Holes
56:37 Chain Mail Armor
58:21 Fletching
60:41 Forging
60:29 Bodkin Arrow
69:36 Elite Varangian Guard
70:48 Gold Mining
71:55 Forging
72:16 Plate Mail Armor
73:33 Gold Shaft Mining
74:20 Iron Casting
91:08 Hamask
MiloJ
3:53 Loom
17:45 Feudal Age
18:17 Fishing Lines
18:27 Double-Bit Axe
20:19 Fletching
23:14 Castle Age
23:04 Gold Mining
24:29 Gold Shaft Mining
24:05 Bow Saw
24:09 Bodkin Arrow
25:21 Ballistics
26:23 Careening
30:48 Gillnets
31:07 Stone Mining
33:08 Horse Collar
34:38 Town Watch
36:33 Forging
39:22 Imperial Age
37:14 Scale Barding Armor
39:01 Chain Barding Armor
39:18 Iron Casting
39:12 Chieftains
39:35 Cavalier
42:08 Blast Furnace
43:17 Conscription
43:23 Scale Mail Armor
46:39 Squires
46:25 Arson
46:00 Pikeman
47:51 Chain Mail Armor
49:20 Plate Mail Armor
52:57 Light Cavalry
61:32 Onager
63:05 Bracer
67:01 Padded Archer Armor
69:08 Town Patrol
69:12 Elite Skirmisher
70:52 Elite Varangian Guard
74:07 Leather Archer Armor
78:30 Ring Archer Armor
79:34 Clinker Construction
83:16 Chemistry
85:47 Siege Engineers
NY-Radamantiz
3:02 Loom
15:19 Feudal Age
20:11 Castle Age
18:29 Double-Bit Axe
19:34 Fishing Lines
20:43 Gillnets
22:02 Bow Saw
22:25 Town Watch
23:19 Wheelbarrow
23:16 Horse Collar
26:09 Hand Cart
27:29 Scale Barding Armor
28:24 Heavy Plow
29:13 Town Patrol
29:51 Chain Barding Armor
29:53 Bloodlines
30:54 Forging
31:20 Husbandry
35:35 Imperial Age
34:07 Iron Casting
34:17 Gold Mining
34:29 Vendel Legacy
35:52 Stone Mining
35:38 Cavalier
37:08 Plate Barding Armor
37:33 Blast Furnace
39:08 Crop Rotation
44:07 Coinage
45:47 Banking
59:40 Stone Shaft Mining
63:59 Conscription
65:27 Light Cavalry
70:11 Hussar
82:04 Murder Holes
83:10 Chemistry
NY-HENRY
3:20 Loom
13:38 Feudal Age
19:45 Castle Age
18:55 Forging
21:07 Wheelbarrow
26:20 Scale Mail Armor
33:46 Double-Bit Axe
39:36 Imperial Age
43:32 Imperial Age
42:51 Bloodlines
42:42 Husbandry
43:10 Padded Archer Armor
47:45 Chemistry
47:03 Leather Archer Armor
47:29 Siege Engineers
49:17 Ring Archer Armor
65:56 Bloodlines
77:36 Elite Skirmisher
79:06 Shatagni
79:28 Conscription
82:10 Horse Collar
NY-judyelpesao
3:31 Loom
15:27 Feudal Age
24:20 Castle Age
22:37 Horse Collar
24:56 Pikeman
28:40 Fletching
29:30 Bloodlines
30:01 Husbandry
30:23 Padded Archer Armor
30:41 Forging
31:55 Wheelbarrow
36:35 Scale Mail Armor
38:44 Hand Cart
42:22 Imperial Age
42:49 Cavalier
43:11 Halberdier
45:28 Chain Mail Armor
45:50 Iron Casting
50:50 Leather Archer Armor
50:31 Bodkin Arrow
50:38 Elite Skirmisher
54:04 Parthian Tactics
67:27 Bracer
67:08 Capped Ram
73:33 Chemistry
73:37 Heavy Plow
adriel.fe1123
3:38 Loom
16:01 Feudal Age
18:58 Man-at-Arms
19:25 Arson
22:04 Castle Age
20:14 Double-Bit Axe
20:14 Horse Collar
22:16 Town Watch
23:09 Wheelbarrow
25:27 Squires
25:41 Forging
25:32 Scale Mail Armor
26:31 Fletching
30:32 Bow Saw
32:44 Chain Mail Armor
32:30 Padded Archer Armor
35:47 Bodkin Arrow
36:35 Hamask
37:35 Elite Skirmisher
44:09 Thumb Ring
44:31 Heavy Plow
45:43 Pikeman
48:27 Hand Cart
51:40 Leather Archer Armor
52:00 Iron Casting
54:54 Imperial Age
52:55 Ballistics
52:48 Heated Shot
52:45 Long Swordsman
55:39 Bracer
56:10 Plate Mail Armor
56:11 Ring Archer Armor
57:06 Capped Ram
58:55 Siege Ram
61:41 Halberdier
61:43 Elite Varangian Guard
78:02 Gambesons
Connection lost

Rejoining the realm…

Still unreachable

The connection could not be restored.

Session expired

The server has moved on; the page needs a fresh start.